TEX
TULSA DRILLERS @ CORPUS CHRISTI HOOKS
04/20/2099
 
TOP OF THE 1ST
Tulsa Drillers batting - Pitching for Corpus Christi Hooks : RHP Brian Stearns
Pitching: RHP Brian Stearns
Batting: LHB Tim Moore 0-0: DOUBLE (Line Drive, 89D, EV 98.8 MPH)
Batting: LHB Russ Henson 0-0: Ball
1-0: Called Strike
1-1: Ball
2-1: Ball
3-1: Called Strike
3-2: Foul Ball, location: 2F
3-2: Base on Balls
Batting: LHB Greg Schlitt 0-0: Ball
1-0: Ball
2-0: Ball
3-0: Called Strike
3-1: Base on Balls
Tim Moore to third
Russ Henson to second
Batting: LHB Mike Saunders 0-0: Ball
1-0: SINGLE (Groundball, 34D, EV 110.0 MPH)
Tim Moore scores
Russ Henson to third
Greg Schlitt to second
Runner from 3rd tries for Home, SAFE, throw by RF to home
Batting: LHB Aaron Himebauch 0-0: Called Strike
0-1: Ball
1-1: Foul Ball, location: 2F
1-2: Foul Ball, location: 23FF
1-2: Ball
2-2: Foul Ball, location: 2F
2-2: SINGLE (Line Drive, 8LS, EV 84.4 MPH)
Greg Schlitt to third
Mike Saunders to second
Runner from 3rd tries for Home, SAFE, throw by CF to home
Batting: LHB Blake Marez 0-0: Foul Ball, location: 3FF
0-1: Ball
1-1: Ball
2-1: Foul Ball, location: 2F
2-2: Strikes out swinging
Batting: RHB Ryan Gaines 0-0: Swinging Strike
0-1: Fielders Choice at 2nd, 3-6 (Groundball, 34, EV 106.3 MPH)
Mike Saunders to third
Batting: RHB Jordan Saray 0-0: Ball
1-0: Called Strike
1-1: Swinging Strike
1-2: Foul Ball, location: 9LSFF
1-2: Ball
2-2: Foul Ball, location: 2F
2-2: Ball
3-2: Foul Ball, location: 2F
3-2: Base on Balls
Ryan Gaines to second
Batting: RHB Joe Jarosz 0-0: Ball
1-0: Fielders Choice at 2nd, 6-4 (Groundball, 6, EV 101.9 MPH)
Top of the 1st over - 3 runs, 3 hits, 0 errors, 3 left on base; Tulsa 3 - Corpus Christi 0
BOTTOM OF THE 1ST
Corpus Christi Hooks batting - Pitching for Tulsa Drillers : LHP Paul Blair
Pitching: LHP Paul Blair
Batting: LHB Malik Lindsey 0-0: Ball
1-0: Ball
2-0: SINGLE (Line Drive, 4MD, EV 95.6 MPH)
Batting: RHB David Warren 0-0: DOUBLE (Line Drive, 7LS, EV 106.3 MPH)
Malik Lindsey to third
Batting: LHB Jesse Boal 0-0: Ball
1-0: Ball
2-0: Ball
3-0: Fly out, F7 (Flyball, 7D, EV 78.8 MPH)
Runner from 3rd tags up, SCORES, throw by LF
David Warren to third
Batting: RHB Chad Boston 0-0: Ball
1-0: Swinging Strike
1-1: Ball
2-1: Ground out U3 (Groundball, 3S, EV 85.6 MPH)
Batting: RHB Edwin Cardenas 0-0: Fly out, F3 (Line Drive, 3L, EV 61.3 MPH)
Bottom of the 1st over - 1 run, 2 hits, 0 errors, 1 left on base; Tulsa 3 - Corpus Christi 1
TOP OF THE 2ND
Tulsa Drillers batting - Pitching for Corpus Christi Hooks : RHP Brian Stearns
Batting: LHB Tim Moore 0-0: Swinging Strike
0-1: Ball
1-1: Foul Ball, location: 25FF
1-2: Ball
2-2: Fly out, F8 (Flyball, 8RD, EV 98.8 MPH)
Batting: LHB Russ Henson 0-0: Swinging Strike
0-1: Called Strike
0-2: Strikes out swinging
Batting: LHB Greg Schlitt 0-0: SOLO HOME RUN (Flyball, 9D, EV 95.0 MPH), Distance : 368 ft
Batting: LHB Mike Saunders 0-0: Ball
1-0: Ball
2-0: Ball
3-0: Called Strike
3-1: Base on Balls
Batting: LHB Aaron Himebauch 0-0: Ball
1-0: Fly out, F7 (Line Drive, 7, EV 87.5 MPH)
Top of the 2nd over - 1 run, 1 hit, 0 errors, 1 left on base; Tulsa 4 - Corpus Christi 1
BOTTOM OF THE 2ND
Corpus Christi Hooks batting - Pitching for Tulsa Drillers : LHP Paul Blair
Batting: RHB Jason McCormick 0-0: Called Strike
0-1: Ball
1-1: Ball
2-1: Fly out, F9 (Flyball, 9LS, EV 81.9 MPH)
Batting: RHB Dave Alley 0-0: Ball
1-0: Called Strike
1-1: Ball
2-1: Ball
3-1: SINGLE (Groundball, 4D, EV 94.4 MPH)
Batting: LHB Toby O'Dell 0-0: Ball
Dave Alley is caught stealing 2nd base 2-6
1-0: SINGLE (Groundball, 6, EV 95.6 MPH) (infield hit)
Batting: RHB Bill Barber 0-0: Ball
1-0: SINGLE (Line Drive, 4D, EV 98.1 MPH)
Toby O'Dell to second
Runner from 2nd tries for 3rd, SAFE, throw by RF made to third
Batting: LHB Malik Lindsey 0-0: Called Strike
0-1: Swinging Strike
0-2: Ball
1-2: Ball
2-2: Foul Ball, location: 2F
2-2: Ball
3-2: Foul Ball, location: 7LDF
3-2: Strikes out swinging
Bottom of the 2nd over - 0 runs, 3 hits, 0 errors, 2 left on base; Tulsa 4 - Corpus Christi 1
TOP OF THE 3RD
Tulsa Drillers batting - Pitching for Corpus Christi Hooks : RHP Brian Stearns
Batting: LHB Blake Marez 0-0: Ball
1-0: Called Strike
1-1: Ball
2-1: Ball
3-1: Base on Balls
Batting: RHB Ryan Gaines 0-0: SINGLE (Flyball, 8RS, EV 90.6 MPH)
Blake Marez to second
Batting: RHB Jordan Saray 0-0: Called Strike
0-1: Ball
1-1: Called Strike
1-2: Ball
2-2: Strikes out swinging
Batting: RHB Joe Jarosz 0-0: Ball
1-0: Fielders Choice at 2nd, 4-6 (Groundball, 4, EV 106.3 MPH)
Blake Marez to third
Batting: LHB Tim Moore 0-0: Ball
1-0: Ball
2-0: Ball
3-0: Called Strike
3-1: Base on Balls
Joe Jarosz to second
Batting: LHB Russ Henson 0-0: Called Strike
0-1: Ball
1-1: SINGLE (Groundball, 34S, EV 53.8 MPH) (infield hit)
Blake Marez scores
Joe Jarosz to third
Tim Moore to second
Pitching: RHP Kevin Bayne
Batting: LHB Greg Schlitt 0-0: Foul Ball, location: 9LSF
0-1: Ball
1-1: Ball
2-1: Foul Ball, location: 25F
2-2: TRIPLE (Line Drive, 78XD, EV 103.8 MPH)
Joe Jarosz scores
Tim Moore scores
Russ Henson scores
Batting: LHB Mike Saunders 0-0: Called Strike
0-1: Swinging Strike
0-2: Strikes out looking
Top of the 3rd over - 4 runs, 3 hits, 0 errors, 1 left on base; Tulsa 8 - Corpus Christi 1
BOTTOM OF THE 3RD
Corpus Christi Hooks batting - Pitching for Tulsa Drillers : LHP Paul Blair
Batting: RHB David Warren 0-0: Ball
1-0: Foul Ball, location: 9LSF
1-1: Ball
2-1: Foul Ball, location: 2RF
2-2: Ground out 5-3 (Groundball, 56, EV 80.6 MPH)
Batting: LHB Jesse Boal 0-0: Ball
1-0: Ground out 3-1 (Groundball, 13, EV 92.5 MPH)
Batting: RHB Chad Boston 0-0: Called Strike
0-1: Ball
1-1: Ball
2-1: SINGLE (Line Drive, 6D, EV 96.3 MPH)
Batting: RHB Edwin Cardenas 0-0: Foul Ball, location: 2F
0-1: Ball
1-1: Ball
2-1: Ball
3-1: Foul Ball, location: 9LMF
3-2: Foul Ball, location: 23F
3-2: Base on Balls
Chad Boston to second
Batting: RHB Jason McCormick 0-0: Ball
1-0: Ball
2-0: Fly out, F7 (Line Drive, 7LM, EV 100.0 MPH)
Bottom of the 3rd over - 0 runs, 1 hit, 0 errors, 2 left on base; Tulsa 8 - Corpus Christi 1
TOP OF THE 4TH
Tulsa Drillers batting - Pitching for Corpus Christi Hooks : RHP Kevin Bayne
Batting: LHB Aaron Himebauch 0-0: Ball
1-0: Ball
2-0: Called Strike
2-1: Called Strike
2-2: Ball
3-2: Base on Balls
Batting: LHB Blake Marez 0-0: Ball
1-0: Called Strike
1-1: Ball
2-1: Grounds into double play, 6-4-3 (Groundball, 6, EV 90.0 MPH)
Batting: RHB Ryan Gaines 0-0: Called Strike
0-1: Swinging Strike
0-2: Ball
1-2: Foul Ball, location: 9LDF
1-2: Ball
2-2: Ball
3-2: Base on Balls
Batting: RHB Jordan Saray 0-0: Ball
1-0: Foul Ball, location: 9LSF
1-1: Fly out, F6 (Popup, 6M, EV 60.0 MPH)
Top of the 4th over - 0 runs, 0 hits, 0 errors, 1 left on base; Tulsa 8 - Corpus Christi 1
BOTTOM OF THE 4TH
Corpus Christi Hooks batting - Pitching for Tulsa Drillers : LHP Paul Blair
Batting: RHB Dave Alley 0-0: Called Strike
0-1: Ball
1-1: Foul Ball, location: 9LSF
1-2: Ball
2-2: Ball
3-2: Base on Balls
Batting: LHB Toby O'Dell 0-0: Ball
1-0: Called Strike
1-1: Called Strike
1-2: Ball
2-2: Foul Ball, location: 7LDF
2-2: Strikes out looking
Batting: RHB Bill Barber 0-0: Ball
1-0: Ball
2-0: Called Strike
2-1: Grounds into double play, 6-4-3 (Groundball, 6, EV 105.0 MPH)
Bottom of the 4th over - 0 runs, 0 hits, 0 errors, 0 left on base; Tulsa 8 - Corpus Christi 1
TOP OF THE 5TH
Tulsa Drillers batting - Pitching for Corpus Christi Hooks : RHP Kevin Bayne
Batting: RHB Joe Jarosz 0-0: SINGLE (Groundball, 34D, EV 96.9 MPH)
Batting: LHB Tim Moore 0-0: Ball
1-0: Ball
2-0: Ball
3-0: Called Strike
3-1: Foul Ball, location: 2F
3-2: Fly out, F7 (Flyball, 78D, EV 93.8 MPH)
Batting: LHB Russ Henson 0-0: Called Strike
0-1: Ball
1-1: Ball
2-1: SINGLE (Groundball, 4MD, EV 99.4 MPH)
Joe Jarosz to second
Batting: LHB Greg Schlitt 0-0: Called Strike
0-1: Swinging Strike
0-2: Fly out, F8 (Flyball, 8LM, EV 91.3 MPH)
Batting: LHB Mike Saunders 0-0: Swinging Strike
0-1: Called Strike
0-2: Strikes out swinging
Top of the 5th over - 0 runs, 2 hits, 0 errors, 2 left on base; Tulsa 8 - Corpus Christi 1
BOTTOM OF THE 5TH
Corpus Christi Hooks batting - Pitching for Tulsa Drillers : LHP Paul Blair
Batting: LHB Malik Lindsey 0-0: Fly out, F8 (Flyball, 8RS, EV 90.0 MPH)
Batting: RHB David Warren 0-0: Foul Ball, location: 2F
0-1: Foul Ball, location: 5F
0-2: Foul Ball, location: 5F
0-2: Ball
1-2: Strikes out swinging
Batting: LHB Jesse Boal 0-0: Called Strike
0-1: Ball
1-1: Ground out 5-3 (Groundball, 56, EV 87.5 MPH)
Bottom of the 5th over - 0 runs, 0 hits, 0 errors, 0 left on base; Tulsa 8 - Corpus Christi 1
TOP OF THE 6TH
Tulsa Drillers batting - Pitching for Corpus Christi Hooks : RHP Kevin Bayne
Batting: LHB Aaron Himebauch 0-0: Ball
1-0: Foul Ball, location: 2F
1-1: Called Strike
1-2: Ball
2-2: Foul Ball, location: 2F
2-2: Strikes out swinging
Batting: LHB Blake Marez 0-0: Ball
1-0: Ball
2-0: Called Strike
2-1: Ground out 4-3 (Groundball, 4, EV 67.5 MPH)
Batting: RHB Ryan Gaines 0-0: Called Strike
0-1: Foul Ball, location: 23F
0-2: DOUBLE (Flyball, 9LD, EV 101.9 MPH)
Batting: RHB Jordan Saray 0-0: Ball
1-0: Foul Ball, location: 5F
1-1: Swinging Strike
1-2: Strikes out swinging
Top of the 6th over - 0 runs, 1 hit, 0 errors, 1 left on base; Tulsa 8 - Corpus Christi 1
BOTTOM OF THE 6TH
Corpus Christi Hooks batting - Pitching for Tulsa Drillers : LHP Paul Blair
Batting: RHB Chad Boston 0-0: Fly out, F9 (Flyball, 89S, EV 91.9 MPH)
Batting: RHB Edwin Cardenas 0-0: Ball
1-0: Ball
2-0: Ball
3-0: Called Strike
3-1: Called Strike
3-2: Base on Balls
Batting: RHB Jason McCormick 0-0: Ball
1-0: SINGLE (Groundball, 6MD, EV 99.4 MPH)
Edwin Cardenas to second
Batting: RHB Dave Alley 0-0: Ball
1-0: Ball
2-0: Fielders Choice at 2nd, 5-4 (Groundball, 5, EV 100.6 MPH)
Edwin Cardenas to third
Pitching: RHP Min-yul Kym
Batting: LHB Toby O'Dell 0-0: Called Strike
0-1: Fly out, F7 (Flyball, 7D, EV 97.5 MPH)
Bottom of the 6th over - 0 runs, 1 hit, 0 errors, 2 left on base; Tulsa 8 - Corpus Christi 1
TOP OF THE 7TH
Tulsa Drillers batting - Pitching for Corpus Christi Hooks : RHP Kevin Bayne
Batting: RHB Joe Jarosz 0-0: Ball
1-0: Ground out 2-3 (Groundball, 2R, EV 69.4 MPH)
Pinch Hitting: RHB Adrian DeVita 0-0: Ball
1-0: Swinging Strike
1-1: Ball
2-1: Fly out, F8 (Flyball, 8RXD, EV 105.0 MPH)
Batting: LHB Russ Henson 0-0: Ball
1-0: Ball
2-0: DOUBLE (Line Drive, 78M, EV 91.9 MPH)
Pinch Hitting: RHB Will Huerter 0-0: Called Strike
0-1: Foul Ball, location: 5F
0-2: Ball
1-2: Ball
2-2: Ball
3-2: Foul Ball, location: 9LSF
3-2: Fly out, F9 (Flyball, 9, EV 94.4 MPH)
Top of the 7th over - 0 runs, 1 hit, 0 errors, 1 left on base; Tulsa 8 - Corpus Christi 1
BOTTOM OF THE 7TH
Corpus Christi Hooks batting - Pitching for Tulsa Drillers : RHP Min-yul Kym
Now in LF: Jason Hughey
Now in CF: Adrian DeVita
Batting: RHB Bill Barber 0-0: Ball
1-0: Fly out, F8 (Line Drive, 8LM, EV 93.1 MPH)
Batting: LHB Malik Lindsey 0-0: Ball
1-0: Fly out, F5 (Line Drive, 5L, EV 78.1 MPH)
Batting: RHB David Warren 0-0: Called Strike
0-1: Fly out, F7 (Flyball, 78D, EV 84.4 MPH)
Bottom of the 7th over - 0 runs, 0 hits, 0 errors, 0 left on base; Tulsa 8 - Corpus Christi 1
TOP OF THE 8TH
Tulsa Drillers batting - Pitching for Corpus Christi Hooks : RHP Kevin Bayne
Pitching: RHP David Barnes
Pinch Hitting: RHB Dustin Platt 0-0: Ball
1-0: Called Strike
1-1: Ball
2-1: SINGLE (Flyball, 78S, EV 95.0 MPH)
Pinch Hitting: RHB Matt Oakes 0-0: Called Strike
0-1: Swinging Strike
0-2: Strikes out swinging
Batting: LHB Blake Marez 0-0: Ball
1-0: Ball
2-0: Ball
3-0: Base on Balls
Dustin Platt to second
Batting: RHB Ryan Gaines 0-0: Grounds into double play, 3-6-3 (Groundball, 34, EV 89.4 MPH)
Top of the 8th over - 0 runs, 1 hit, 0 errors, 1 left on base; Tulsa 8 - Corpus Christi 1
BOTTOM OF THE 8TH
Corpus Christi Hooks batting - Pitching for Tulsa Drillers : RHP Min-yul Kym
Now at C: Matt Oakes
Now at 1B: Dustin Platt
Batting: LHB Jesse Boal 0-0: Called Strike
0-1: Fly out, F9 (Line Drive, 89M, EV 83.8 MPH)
Batting: RHB Chad Boston 0-0: Ball
1-0: Called Strike
1-1: Swinging Strike
1-2: Ground out U3 (Groundball, 3L, EV 87.5 MPH)
Batting: RHB Edwin Cardenas 0-0: Foul Ball, location: 9LDF
0-1: Ball
1-1: Ball
2-1: Swinging Strike
2-2: Ground out 1-3 (Groundball, 34S, EV 63.1 MPH)
Bottom of the 8th over - 0 runs, 0 hits, 0 errors, 0 left on base; Tulsa 8 - Corpus Christi 1
TOP OF THE 9TH
Tulsa Drillers batting - Pitching for Corpus Christi Hooks : RHP David Barnes
Batting: RHB Jordan Saray 0-0: Ball
1-0: Called Strike
1-1: Foul Ball, location: 3F
1-2: Strikes out swinging
Batting: RHB Joe Jarosz 0-0: Foul Ball, location: 2F
0-1: Ball
1-1: Foul Ball, location: 5FF
1-2: Ball
2-2: Ground out U3 (Groundball, 34S, EV 85.0 MPH)
Batting: RHB Adrian DeVita 0-0: Called Strike
0-1: Ball
1-1: Foul Ball, location: 25F
1-2: Ball
2-2: Ball
3-2: Fly out, F7 (Flyball, 7, EV 78.8 MPH)
Top of the 9th over - 0 runs, 0 hits, 0 errors, 0 left on base; Tulsa 8 - Corpus Christi 1
BOTTOM OF THE 9TH
Corpus Christi Hooks batting - Pitching for Tulsa Drillers : RHP Min-yul Kym
Batting: RHB Jason McCormick 0-0: Fly out, F8 (Flyball, 8RS, EV 93.1 MPH)
Batting: RHB Dave Alley 0-0: Ball
1-0: Called Strike
1-1: Ball
2-1: Foul Ball, location: 9LMF
2-2: Foul Ball, location: 2F
2-2: Strikes out swinging
Batting: LHB Toby O'Dell 0-0: Called Strike
0-1: Ball
1-1: Foul Ball, location: 3F
1-2: Strikes out swinging
Bottom of the 9th over - 0 runs, 0 hits, 0 errors, 0 left on base; Tulsa 8 - Corpus Christi 1
Saturday, May 4th , 2024 - OOTP Baseball 24.11 Build 85